Cogmind - Beta 16 @@@ ROGUE MODE // 2025.11.10 @ 00:44:39 Player: Red Box Result: Smashed by cave-in Performance ------------- Evolutions (0) 0 Regions Visited (3) 600 Robots Destroyed (25) 125 Value Destroyed (466) 466 Prototype IDs (16) 320 Alien Tech Used (0) 0 Bonus (150) 150 TOTAL SCORE: 1661 Bonus ------- Follower Combat Kills 150 Cogmind --------- Core Integrity 0/250 Matter 295/300 Energy 250/250 System Corruption 1% Temperature Cool (0) Movement Rolling (145) Ox3 Location -10/Subcaves Parts ------- > --- POWER (1) -------- Ion Engine > --- PROPULSION (2) --- Light Treads Compact Wheel > --- UTILITY (2) ------ High-capacity Storage Unit Light Armor Plating > --- WEAPON (2) ------- Battle Rifle > --- INVENTORY (20) --- Subdweller Power Source Subdweller Monowheel Flightbrick Disposable Heat Sink High-capacity Matter Pod (200) Improved Light Armor Plating Scrap Shield EM Pulse Gun Particle Gun Subdweller Beam Cannon Subdweller Beam Cannon Subdweller Beam Cannon Assault Rifle Mini Grenade Launcher Scrap Shield Fragment (45) Scrap Shield Fragment (45) Peak State ------------ > --- POWER ------------ Ion Engine > --- PROPULSION ------- Aluminum Leg Aluminum Leg > --- UTILITY ---------- High-capacity Storage Unit Light Armor Plating > --- WEAPON ----------- Medium Laser Particle Gun > --- INVENTORY -------- Subdweller Power Source Light Treads Compact Wheel Flightbrick Disposable Heat Sink High-capacity Matter Pod Improved Light Armor Plating EM Pulse Gun Beam Cannon Subdweller Beam Cannon Subdweller Beam Cannon Assault Rifle Mini Grenade Launcher Hammer Scrap Shield Fragment Scrap Shield Fragment [Rating: 14] Favorites ----------- Power Ion Engine Engine Ion Engine Propulsion Aluminum Leg Treads Light Treads Leg Aluminum Leg Wheel Compact Wheel Utility Light Armor Plating Device Improved Terrain Scanner Storage Medium Storage Unit Protection Light Armor Plating Weapon Medium Laser Energy Gun Medium Laser Ballistic Gun Battle Rifle Launcher Mini Grenade Launcher Impact Weapon Hammer Special Melee Weapon Datajack Build | -11 -10 -10 -10 ------- Run | Yrd Mat Min Sub Slots Evolved . | . . . . Power . | . . . . Propulsion . | . . . . Utility . | . . . . Weapon . | . . . . Parts Attached 28 | 7 12 3 6 Power 3 | 1 2 . . Engine 3 | 1 2 . . Core . | . . . . Reactor . | . . . . Propulsion 8 | 2 4 . 2 Treads 1 | . . . 1 Leg 6 | 2 4 . . Wheel 1 | . . . 1 Hover . | . . . . Flight . | . . . . Utility 5 | 2 2 . 1 Device 1 | 1 . . . Storage 3 | 1 1 . 1 Processor . | . . . . Hackware . | . . . . Protection 1 | . 1 . . Artifact . | . . . . Weapon 12 | 2 4 3 3 Energy Gun 6 | 2 3 1 . Energy Cannon . | . . . . Ballistic Gun 2 | . . . 2 Ballistic Cannon . | . . . . Launcher 2 | . . 2 . Special Weapon . | . . . . Impact Weapon 1 | . . . 1 Slashing Weapon . | . . . . Piercing Weapon . | . . . . Special Melee Weapon 1 | . 1 . . Unidentified Prototypes . | . . . . Parts Lost 3 | . 2 . 1 Power . | . . . . Propulsion . | . . . . Utility . | . . . . Weapon 3 | . 2 . 1 Highest Loss Streak 1 | . 1 . 1 To Critical Strikes . | . . . . Average Backups 10 | 4 9 9 11 Power . | . . . . Propulsion 3 | 2 4 3 2 Utility 1 | . 1 1 3 Weapon 4 | . 3 4 5 Tool/Special . | . . . . Unused Backups 13 | . . 2 11 Power 1 | . . . 1 Propulsion 4 | . . 2 2 Utility 4 | . . . 4 Weapon 4 | . . . 4 Tool/Special . | . . . . Average Slot Usage (%) 99 | . 99 100 100 Engine 14 | . 14 14 14 Treads 1 | . . . 4 Leg 24 | . 28 28 19 Wheel 1 | . . . 4 Device 3 | . 13 . . Storage 14 | . 14 14 14 Protection 10 | . . 14 14 Energy Gun 22 | . 26 26 17 Ballistic Gun 2 | . . . 7 Impact Weapon 1 | . . . 2 Peak Build Rating 14 | 9 10 9 14 Average Rating 9 | 5 9 8 11 On Entrance 6 | . 9 8 9 Avg Prop Armor Cover (%) 9 | . . . 9 Naked Turns . | . . . . Heaviest Build 53 | 15 22 23 53 Greatest Support 20 | 20 20 20 20 Greatest Overweight (x) 3 | . 1 1 3 Average Overweight (x) 1 | . . 1 2 Largest Inventory Capacity 20 | 8 10 10 20 Average Capacity 12 | 6 9 10 16 Most Carried 20 | 6 10 10 20 Average Carried 11 | 4 9 9 14 Final Capacity 20 | 8 10 10 20 Final Carried 20 | 6 10 10 20 Class Distribution -------------------- 86% | Mutant 13% | Scavenger-Mutant Dominant Class ---------------- Mutant | -10/Materials Mutant | -10/Mines Mutant | -10/Subcaves Resources | -11 -10 -10 -10 ----------- Run | Yrd Mat Min Sub Matter Collected 955 | 270 425 90 170 Remotely . | . . . . Salvage Created 728 | 80 598 40 10 Parts 58 | 4 50 1 3 Haulers Intercepted 2 | . 2 . . Recyclers Shooed . | . . . . Parts Field Recycled . | . . . . Retrieved Matter . | . . . . Parts Self-Destructed 14 | . . . 14 Prevented . | . . . . Parts Restored . | . . . . Kills | -11 -10 -10 -10 ------- Run | Yrd Mat Min Sub Combat Hostiles Destroyed 21 | . 16 4 1 Guns 14 | . 13 1 . AOE 7 | . 3 3 1 Classes Destroyed 8 | 2 4 1 1 Tunneler 1 | 1 . . . Hauler 2 | . 2 . . Recycler 1 | 1 . . . Watcher 3 | . 3 . . Swarmer 10 | . 10 . . Grunt 7 | . 6 1 . Subdweller 1 | . . . 1 Assembled 3 | . . 3 . Best Kill Streak 5 | 2 5 2 1 Combat Bots Only 3 | . 3 2 1 Max Kills in Single Turn 2 | 1 2 2 1 Gunslinging 1 | . 1 . . Exploded 2 | . 2 2 1 Melee . | . . . . Uniques/NPCs Destroyed . | . . . . Combat | -11 -10 -10 -10 -------- Run | Yrd Mat Min Sub Hostile Shots Fired 66 | . 55 6 5 Missed 15 | . 13 1 1 Hits 51 | . 42 5 4 Projectile 51 | . 42 5 4 Critical Strikes 1 | . 1 . . Damage Taken 1024 | . 422 90 512 Core 260 | . 109 17 134 Absorbed by Shields . | . . . . Core Remaining (%) 100 | 100 . . . Volleys Fired 60 | 5 47 6 2 Largest 2 | 2 2 2 2 Hottest 100 | 100 100 100 80 Shots Fired 109 | 10 87 9 3 Gun 103 | 10 87 5 1 Cannon . | . . . . Launcher 6 | . . 4 2 Special . | . . . . Kinetic . | . . . . Thermal 48 | 10 32 5 1 Explosive 6 | . . 4 2 Electromagnetic 55 | . 55 . . Robot Hit Streak 9 | 4 9 8 . Robot Miss Streak 5 | 1 5 . . Penetration Max . | . . . . Secondary Targets 2 | . 2 . . Max Gunslinging Chain 1 | . 1 . . Shots Hit Robots 62 | 7 47 7 1 Core Hits 42 | 3 27 8 4 Critical Kills . | . . . . Critical Parts Destroyed . | . . . . Critical Strikes 3 | . 2 1 . Burn 2 | . 1 1 . Corrupt 1 | . 1 . . Melee Attacks 79 | . . . 79 Impact 79 | . . . 79 Slashing . | . . . . Piercing . | . . . . Sneak Attacks 1 | . . . 1 Combat Hostiles . | . . . . Follow-up Attacks . | . . . . Damage Inflicted 1228 | 90 820 208 110 Guns 861 | 90 708 63 . Cannons . | . . . . Explosions 367 | . 112 145 110 Melee . | . . . . Ramming . | . . . . Kinetic . | . . . . Thermal 507 | 90 354 63 . Explosive 255 | . . 145 110 Electromagnetic 466 | . 466 . . Impact . | . . . . Slashing . | . . . . Piercing . | . . . . Highest Corruption . | . . . . Average Corruption . | . . . . Corruption Purged . | . . . . Corruption Blocked . | . . . . Overload Shots . | . . . . Overflow Damage 2 | . 2 . . Projectiles . | . . . . Explosions 2 | . 2 . . Melee . | . . . . Knockbacks . | . . . . Impact . | . . . . Kinetic . | . . . . Secondary . | . . . . Self-Inflicted Damage 54 | . 35 19 . Shots 3 | . 2 1 . Rammed . | . . . . Targets Rammed . | . . . . Kicked . | . . . . Crushed . | . . . . Highest Temperature 195 | 117 195 114 . Average Temperature 54 | 51 54 52 . Received Heat Transfer 153 | . 96 27 30 Siege Activations . | . . . . Martial Activations . | . . . . Shielding Activations . | . . . . Robots Disrupted . | . . . . Combat Hostiles . | . . . . Robots Corrupted . | . . . . Combat Hostiles . | . . . . Parts Fried 1 | . 1 . . Impact Corruptions . | . . . . Robots Melted . | . . . . Combat Hostiles . | . . . . Parts Melted 3 | . 2 1 . Heat Transferred 1445 | 259 927 259 . Parts Sabotaged . | . . . . Parts Stolen . | . . . . Parts Stripped . | . . . . Power Chain Reactions 2 | . 2 . . Alert | -11 -10 -10 -10 ------- Run | Yrd Mat Min Sub Maximum Alert Level . | . . . . Low Security (%) 100 | 100 100 100 . Level 1 . | . . . . Level 2 . | . . . . Level 3 . | . . . . Level 4 . | . . . . Level 5 . | . . . . High Security . | . . . . Max Security . | . . . . Peak Influence 91 | 10 91 30 . Initial 3 | . . 3 . Average 17 | 1 39 1 . Influence Increases 569 | 10 513 46 . Destroy 0b10 Robot/C 340 | . 320 20 . Destroy 0b10 Robot/NC 35 | 10 25 . . Destroy Leader 90 | . 80 10 . Trap Triggered on 0b10 10 | . 10 . . Successful Hack 26 | . 26 . . Select Force Hacks 30 | . 30 . . Disable Machine 15 | . 15 . . Destroy Structure 23 | . 7 16 . Influence Decreases 569 | 10 505 54 . Entered New Map 5 | . . 5 . Time Decay 544 | 10 485 49 . Lost Part 20 | . 20 . . Squads Dispatched 3 | . 3 . . Investigation 2 | . 2 . . Extermination . | . . . . Reinforcement 1 | . 1 . . Assault . | . . . . Garrison . | . . . . Intercept . | . . . . Searches Triggered . | . . . . Construction Impeded . | . . . . Haulers Reinforced . | . . . . Active Scanning Responses . | . . . . Cargo Convoy Interrupts . | . . . . Stealth | -11 -10 -10 -10 --------- Run | Yrd Mat Min Sub Distress Signals 6 | . 1 5 . Communications Jammed . | . . . . Distress Signals . | . . . . Times Spotted 28 | . 18 5 5 Peak Tracking Total 3 | . 3 2 2 Tactical Retreats . | . . . . Traps | -11 -10 -10 -10 ------- Run | Yrd Mat Min Sub Traps Triggered 1 | . 1 . . Indirectly . | . . . . Trap Hack Attempts 99 | . 99 . . Triggered . | . . . . Disarmed . | . . . . Reprogrammed 10 | . 10 . . Reused 1 | . 1 . . Traps Extracted . | . . . . Installed . | . . . . Triggered 1 | . 1 . . Machines | -11 -10 -10 -10 ---------- Run | Yrd Mat Min Sub Machines Disabled 2 | . 1 . 1 Max in Single Turn 1 | . 1 . 1 Machines Repaired . | . . . . Machines Dismantled . | . . . . Machines Sabotaged . | . . . . Overloaded Fab Kills . | . . . . Hacking | -11 -10 -10 -10 --------- Run | Yrd Mat Min Sub Machines Accessed 10 | . 8 . 2 Terminals 6 | . 6 . . Fabricators . | . . . . Repair Stations 1 | . 1 . . Recycling Units 1 | . 1 . . Scanalyzers . | . . . . Garrison Access . | . . . . Total Hacks 34 | . 30 . 4 Successful 19 | . 15 . 4 Failed 14 | . 14 . . Catastrophic 1 | . 1 . . Database Lockouts 1 | . 1 . . Manual 19 | . 19 . . Terminals 24 | . 24 . . Fabricators . | . . . . Repair Stations 1 | . 1 . . Recycling Units 5 | . 5 . . Scanalyzers . | . . . . Garrison Access . | . . . . Terminal Hacks 12 | . 8 . 4 Record 3 | . . . 3 Part Schematic 1 | . 1 . . Robot Schematic 1 | . 1 . . Robot Analysis 3 | . 3 . . Prototype ID Bank 2 | . 2 . . Locate Traps 1 | . 1 . . Proto ID Catalog 1 | . . . 1 Fabricator Hacks . | . . . . Repair Station Hacks . | . . . . Recycling Unit Hacks 1 | . 1 . . Retrieve Components 1 | . 1 . . Scanalyzer . | . . . . Garrison Access Hacks . | . . . . Unauthorized Hacks 6 | . 6 . . Terminals 5 | . 5 . . Botnet 4 | . 4 . . Operators 1 | . 1 . . Fabricators . | . . . . Repair Stations . | . . . . Recycling Units 1 | . 1 . . Tunnel 1 | . 1 . . Scanalyzers . | . . . . Garrison Access . | . . . . Data Cores Recovered . | . . . . Used . | . . . . Hacking Detections 8 | . 8 . . Full Trace Events . | . . . . Feedback Events . | . . . . Feedback Blocked . | . . . . Robot Schematics Acquired 1 | . 1 . . Robots Built . | . . . . Authchips . | . . . . Time . | . . . . Total Robot Build Rating . | . . . . Part Schematics Acquired 1 | . 1 . . Parts Built . | . . . . Authchips . | . . . . Time . | . . . . Total Part Build Rating . | . . . . Part Studies Acquired . | . . . . Parts Repaired . | . . . . Time . | . . . . Parts Recycled . | . . . . Recycled Matter . | . . . . Retrieved Matter . | . . . . Retrieved Components 8 | . 8 . . Parts Scanalyzed . | . . . . Part Schematics Acquired . | . . . . Parts Damaged . | . . . . Bothacking | -11 -10 -10 -10 ------------ Run | Yrd Mat Min Sub Used RIF Installer . | . . . . Robots Hacked . | . . . . Non-combat . | . . . . Combat . | . . . . Robot Hacks Applied . | . . . . Relay Couplers Released . | . . . . Fabnet Peak Effective % . | . . . . Robots Rewired . | . . . . Allies Hacked . | . . . . Hacks Repelled . | . . . . Allies | -11 -10 -10 -10 -------- Run | Yrd Mat Min Sub Total Allies 5 | . . 5 . Largest Group 5 | . . 5 5 Highest-Rated Group 87 | . . 87 87 Highest-Rated Ally 31 | . . 31 31 Total Orders . | . . . . Ally Attacks 37 | . . 7 30 Total Damage 489 | . . 71 418 Kills 6 | . . 1 5 Allies Corrupted . | . . . . Allies Melted . | . . . . Intel | -11 -10 -10 -10 ------- Run | Yrd Mat Min Sub Active Infowar (turns) 1476 | 13 1463 . . Terrain 1476 | 13 1463 . . Robot Analysis Total 3 | . 3 . . Derelict Logs Recovered 2 | . . 2 . Drone Launches . | . . . . Drone Recoveries . | . . . . Exploration | -11 -10 -10 -10 ------------- Run | Yrd Mat Min Sub Turns Passed 5948 | 74 1562 2090 2222 Spaces Moved 2548 | 40 950 555 1003 Core 8 | 8 . . . Treads . | . . . . Legs 2137 | 32 950 555 600 Wheels 403 | . . . 403 Hover . | . . . . Flight . | . . . . Fastest Speed 50 | 50 120 190 145 Average Speed 165 | 106 123 190 194 Slowest Speed 260 | 120 190 190 260 Overloaded Moves . | . . . . Propulsion Burnouts . | . . . . Robots Hopped . | . . . . Potential Cave-ins 12 | . . . 12 Cave-ins Triggered 2 | . . . 2 Exploration Rate (%) 61 | 3 99 95 49 Regions Visited 3 Branch Regions 2 Pre-discovered Areas 2 | . 1 1 . Known Exits Taken . | . . . . Unknown Exits Taken 3 | 1 1 1 . Scrap Searched 2 | . . 1 1 Spaces Dug 29 | . . . 29 Terrain Destroyed 66 | . 6 19 41 Melee 29 | . . . 29 Projectile . | . . . . AOE 37 | . 6 19 12 Terrain Rammed . | . . . . Walls Destroyed . | . . . . Machines Disabled . | . . . . Actions | -11 -10 -10 -10 --------- Run | Yrd Mat Min Sub Total 4023 | 59 1246 1583 1135 Wait 1132 | . 108 1006 18 Move 2545 | 39 949 554 1003 Hop . | . . . . Pick Up 35 | 8 10 6 11 Fast Attach 5 | 5 . . . Attach 9 | 2 3 1 3 Detach 1 | . . . 1 Swap 37 | . 20 4 13 Drop 21 | . 10 6 5 Fire 60 | 5 47 6 2 Melee 79 | . . . 79 Ram . | . . . . Kick . | . . . . Crush . | . . . . Escape Stasis . | . . . . Rewire . | . . . . Trap 99 | . 99 . . Miscellaneous . | . . . . Route ------- -11/Scrapyard -10/Materials (discovered 5 exits: [*Mat x3] / [*Min] / *Sub) -10/Mines (discovered 3 exits: [*Mat x2] / *Sub) -10/Subcaves History --------- Turn | Location | Event 6 | -11/Scrapyard | Discovered new exit (range 14) 75 | -11/Scrapyard | Entered Materials 302 | -10/Materials | Build established: Mutant 371 | -10/Materials | Discovered new exit (range 15) 516 | -10/Materials | Discovered new exit (range 16) 785 | -10/Materials | Discovered new exit (range 6) 864 | -10/Materials | Build established: Scavenger-Mutant 901 | -10/Materials | Discovered new exit (range 14) 1114 | -10/Materials | Discovered new exit (range 14) 1304 | -10/Materials | Central database locked down 1635 | -10/Materials | Build established: Mutant 1637 | -10/Materials | Entered Mines 1711 | -10/Mines | Discovered new exit (range 4) 1743 | -10/Mines | Assembled infested the area 2750 | -10/Mines | Discovered new exit (range 6) 2752 | -10/Mines | Core integrity fell below 50% 2830 | -10/Mines | Learned Materials terminal intel 3478 | -10/Mines | Discovered new exit (range 6) 3519 | -10/Mines | Learned Materials emergency access door positions 3595 | -10/Mines | Deemed a non-threat by the Exiles lab entrance 3646 | -10/Mines | Assisted by bots powering up and referring to "LRC-V3" 3727 | -10/Mines | Entered Subcaves 3727 | -10/Subcaves | Accompanied by 5 allies 3732 | -10/Subcaves | Led the pair of lost Derelicts to an unsafe place 4384 | -10/Subcaves | Visited 4L-MR0's lab 4406 | -10/Subcaves | Found Flightbrick 4692 | -10/Subcaves | Visited Clippyterm 4700 | -10/Subcaves | Learned Factory garrison access intel 5363 | -10/Subcaves | A swath of the cavern ceiling suddenly collapsed 5888 | -10/Subcaves | Ambushed by Subdweller buried in earth 5910 | -10/Subcaves | Ambushed by Subdweller buried in earth 5942 | -10/Subcaves | Crushed by falling debris 5950 | -10/Subcaves | Crushed by falling debris 5950 | -10/Subcaves | Smashed by cave-in Last Messages --------------- 05805_ Acquired Sub. Beam Cannon. 05813_ Subatomizers dissect the Aluminum Leg. 05867_ The unstable cave ceiling collapses. 05867_ Mercenary 1a crushed by falling debris. 05867_ Mercenary 1a destroyed. 05867_ Heat Sink crushed. 05877_ The unstable cave ceiling collapses. 05877_ Trooper 1a crushed by falling debris. 05889_ 83-YHV(R): "SLEEPOVER!" 05892_ 83-YHV(R) suffers critical hit (Burn). 05892_ 83-YHV(R) destroyed. 05911_ 18-XUM(R): "ARGHSUB!" 05914_ 18-XUM(R) suffers critical hit (Burn). 05917_ 18-XUM(R) destroyed. 05942_ The unstable cave ceiling collapses. 05942_ Crushed by falling debris. 05950_ The unstable cave ceiling collapses. 05950_ Crushed by falling debris. 05950_ Hammer destroyed. 05950_ System corrupted by crushing effect (+1). Map ----- +----------------------------------------------------+ | ?????????????????????????????????????????????????? | | ?????????????????????????????????????????????????? | | ?????????????????????????????????????????????????? | | ?????????????????????????????????????????????????? | | ?????????????????????????????????????????????????? | | ?????????????????????????????????????????????????? | | ?????????????????????????????????????????????????? | | ?????????????????????????????????????????????????? | | ?????????????????????????????????????????????????? | | ?????????????????????????????????????????????????? | | ?????????????????????????????????????????????????? | | ?????????????????????????????????????????????????? | | ?????????????????????????????????????????????????? | | ?????????????????????????????????????????????????? | | ?????????????????????????????????????????????????? | | ?????????????????????????????????????????????????? | | ?????????????????????????????????????????????????? | | ?????????????????????????????????????????????????? | | ?????????????????????????????????????????????????? | | ???????????????????????????????????????????????### | | ?????????????????????????????????####?????????##"" | | ?????????????????????????????????# &##????????#" | | ????????????????????????????????#&%#&#????????#" | | ????????####????????##?????????## &#%##???????#" # | | ????????? ??????? #??######## ####=#??????## # | | ????????? ??????? ???#@ ##?#"##????###" " | | ?????????? ?????? #???#########??#"##????# # "# | | ?????????? ###??? ##?????????????## ##??## "%" | | ??????????? #?? #??????????????## #??# """ | | ??????????? ### #?????????????## %#??## # | | ???????????# #?????????????#=]##??# ## | | ???????????# ^ #?????????????# #??## ### | | ##????????## #?????????????# #???# # | | #???????## #???????????????#### ###?# ## | | ##??????## ##??????????????## ## ##### ## | | "#?????## ^ #???????????????# #??# # | | "#?????# ##??????????????# ##?## ## | | ##?????# #??????????????# ##??# ## | | ???????## ####??????????????## #??## " | | ????????# ##??????????????????## #?## | | ????????# ##????????????????????# ### | | ????????## ##????????????????????# ### " | | ?????????# #????????????????????# #?# " | | #???????## ##????????????????????## #?# ## | | ######??# #?????????????????????# ### ##### | | #??## ##?????????????????????# #####??## | | #???# ##????????????????????## ##????# | | ## ##??## ##??????????????????## ##???# | | ####??## ##????????????????## #??## | | #?## ##??????????????## #### | +----------------------------------------------------+ Best States ------------- Heat Dissipation 25 Energy Generation 10 Energy Capacity 250 Matter Stores 300 Matter Capacity 300 Sight Range 16 Terrain Scan Range 16 Terrain Scan Density 10 Armor Coverage 150 Evasion (%) 55 Item Schematics ----------------- Hcp. Storage Unit | -10/Materials | Hacked Robot Schematics ------------------ O-16 Technician | -10/Materials | Hacked Fabricated ------------ Nothing Repaired ---------- Nothing Studied --------- None Alien Tech Used ----------------- None Achievements -------------- None Challenges ------------ None Game ------ Seed GrapheneTeslaBoomstick Manual? 0 Play Time 00:30:39 Cumulative 680.4 hours Start 2025.11.10 @ 00:16:01 End 2025.11.10 @ 00:44:39 Sessions 1 Manual Loads 0 Difficulty Rogue Special Mode None Game No. 477 Rogue 477 Adventurer 0 Explorer 0 Win Type - Total 1 Types 1/0/0/0/0/0/0/0/0/0 Lore% 62 Gallery% 66 Achievement% 40 Wizard Run 0 Options --------- Layout 1 ASCII 0 Keyboard 0 Movement Mouse Keybinds 0 Fullscreen 1 Font 20/SmallcapsGlow Map View 54x42 Zoom Use 0% Tactical HUD 1 Map Filters NONE Filters NONE Steam 1 RUN: 8919b340-e76c-47d2-a35b-3424e005dce2